 Dungeon Crawl Stone Soup version 0.31.0-1-g2c135a008e (webtiles) character file.

Game seed: 1007558873057430502

67 qw the Shooter (level 4, 0/34 HPs)
             Began as a Djinni Hunter on Jan 23, 2024.
             Slain by an orc
             ... wielding a +0 club
              (2 damage)
             ... on level 3 of the Dungeon.
             The game lasted 00:00:08 (1667 turns).

qw the Shooter (Djinni Hunter)                      Turns: 1667, Time: 00:00:09

Health: 0/34       AC: 12    Str: 10    XL:     4   Next: 40%
Gold:   137        EV: 11    Int: 10    God:
                   SH:  0    Dex: 19

rFire   + + .        a - +1 shortbow
rCold   x . .        (shield currently unavailable)
rNeg    . . .        j - +0 ring mail
rPois   inf          g - +2 helmet
rElec   .            (no cloak)
rCorr   .            (no gloves)
SInv    .            (boots unavailable)
Will    .....        (no amulet)
Stlth   +            i - +4 ring of protection
HPRegen 0.25/turn    (no ring)
MPRegen 0.00/turn

%: infuse magic (-1 HP)
@: about to teleport, flying, slowed, very slow
A: sickness immunity, fire resistance 2, cold vulnerability 1, float, innate
caster, HP casting, extra vitality 1
a: no special abilities


You were on level 3 of the Dungeon.
You visited 1 branch of the dungeon, and saw 3 of its levels.

You collected 137 gold pieces.


Innate Abilities, Weirdness & Mutations

You are immune to sickness and miasma.
You are immune to poison.
Your flesh is very heat resistant. (rF++)
You are vulnerable to cold. (rC-)
You float through the air rather than walking.
You learn spells naturally, not from books.
Your magical power is your life essence.
You have superior vitality. (+4 MHP)


   Skills:
 + Level 2.9 Fighting
 - Level 4.1 Ranged Weapons
 - Level 1.0 Armour
 - Level 2.1 Dodging
 - Level 0.7 Stealth


You knew the following spells:

 Your Spells              Type           Power      Damage    Failure   Level
a - Foxfire               Conj/Fire      0%         2x1d4     67%         1
Your spell library was empty.

Inventory:

Hand Weapons
 a - a +1 shortbow (weapon)
Armour
 g - a +2 helmet (worn)
 j - a +0 ring mail (worn)
Jewellery
 i - a +4 ring of protection (left hand)
Wands
 b - a wand of light (5)
 h - a wand of flame (18) (quivered)
Scrolls
 c - 2 scrolls of identify
 e - a scroll of fear {unknown}
 f - 3 scrolls of teleportation
Potions
 d - a potion of resistance {unknown}

Dungeon Overview and Level Annotations

Branches:
Dungeon (3/15)

Altars:

Annotations:
D:2 1 runed translucent door, Crazy Yiuf
D:3 Natasha, Robin


Message History

Robin says, "Kneel, worm!"
The cerulean imp completely misses you.
Enter note:
Enter note:
Enter note:
Enter note:
Enter note:
Enter note:
Enter note:
Enter note:
1665 ||| RETREEEEATING.
You shoot an arrow. The arrow closely misses the goblin.
The orc shouts!
Natasha stares at you and mumbles some strange words.
The magic dart hits you. The goblin hits you but does no damage.
The goblin closely misses you. The goblin hits you with a +0 club.
A goblin comes into view. It is wielding a +0 club.
The hobgoblin barely misses you.
The cerulean imp hits you with a +2 spear.
Natasha claws you but does no damage. The goblin closely misses you.
The goblin hits you with a +0 club. The goblin hits you but does no damage.
A goblin comes into view. It is wielding a +0 club.
The orc closely misses you. The hobgoblin closely misses you.
1666 ||| ZAPPING wand of flame (19) at 0,1 (cerulean imp; floor).
Aiming: Throw Flame
Press: ? - help, Q - select action, (/) - cycle Shift-Dir - straight line, f - cerulean imp, p - goblin The puff of flame hits the cerulean imp.
The cerulean imp is moderately wounded.
The cerulean imp hits you with a +2 spear.
Natasha wildly gestures.
You feel troubled. Natasha claws you! The goblin hits you with a +0 dagger.
The goblin hits you but does no damage. The orc hits you but does no damage.
The goblin hits you with a +0 club. The hobgoblin closely misses you.
The cerulean imp barely misses you.
1667 ||| READING 4 scrolls of teleportation.
As you read the scroll of teleportation, it crumbles to dust.
You feel strangely unstable. Natasha closely misses you.
The goblin hits you but does no damage. x2
The orc hits you with a +0 club.
You die...

.... ...... .!..##...... ..
........g.. .. .....o..## .. . ..
#...o.g.# .. .#'##.!... #....og.#
... .........?.#..)gg..#....
#..............ggg.#....
.(....#.......gh@o......
......#......##g5....#+# .....##
......#.##+####......#.# ........
...........#.....#####.# ........
...........#.......###.##........
...........#.......[#............
...........#........#..#### #....
...........#..............####...
.....##'##.#..............+......


You could see Robin, Natasha, a cerulean imp (summoned), 4 orcs, 2 hobgoblins
and 7 goblins.

Vanquished Creatures
  2 adders
  4 ball pythons (D:1)
  2 bats
  7 endoplasms
  3 giant cockroaches (D:2)
  4 goblins
  5 hobgoblins
  7 kobolds
  3 quokkas
  4 frilled lizards
  5 rats
46 creatures vanquished.

Notes
Turn   | Place    | Note
-------+----------+-------------------------------------------
     0 | D:1      | qw the Djinni Hunter began the quest for the Orb.
     0 | D:1      | Reached XP level 1. HP: 18/18 MP: 0/0
     0 | D:1      | 0 ||| qw: Version: 0.3-a-135-gb77e89d
     0 | D:1      | 0 ||| qw: Game counter: 874
     0 | D:1      | 0 ||| qw: Melee chars always use a shield: true
     0 | D:1      | 0 ||| qw: God list: Okawaru
     0 | D:1      | 0 ||| qw: Allow faded altars: false
     0 | D:1      | 0 ||| qw: Do Orc after clearing Dungeon:15 true
     0 | D:1      | 0 ||| qw: Do second Lair branch before Depths: true
     0 | D:1      | 0 ||| qw: Lair rune preference: random
     0 | D:1      | 0 ||| qw: Goals: Normal
     0 | D:1      | 0 ||| PLANNING D:1-11
    62 | D:1      | Reached XP level 2. HP: 23/23 MP: 0/0
   104 | D:1      | You are sucked into a shaft and drop 1 floor!
   223 | D:2      | Reached skill level 4 in Ranged Weapons
   223 | D:2      | Reached XP level 3. HP: 28/28 MP: 0/0
   223 | D:2      | Learned a level 1 spell: Foxfire
   284 | D:2      | 284 ||| UPGRADING to +2 helmet.
   289 | D:2      | 289 ||| READING scroll labelled XOUN OREIG.
   290 | D:2      | 290 ||| READING scroll labelled KAFEDGH NAIS.
   290 | D:2      | 290 ||| IDENTIFYING scroll labelled LYHA FAIRCHO
   291 | D:2      | 291 ||| DROPPING scroll of butterflies.
   706 | D:1      | 706 ||| UPGRADING to +4 ring of protection.
   707 | D:1      | 707 ||| READING scroll labelled HIOL QAROQIREP.
   708 | D:1      | 708 ||| READING scroll labelled MEURCH AMASH.
   815 | D:2      | Reached XP level 4. HP: 34/34 MP: 0/0
  1011 | D:2      | Found a runed translucent door.
  1012 | D:2      | Noticed Crazy Yiuf
  1192 | D:2      | 1192 ||| UPGRADING to +0 ring mail.
  1202 | D:2      | 1202 ||| DROPPING +0 leather armour.
  1203 | D:2      | 1203 ||| READING scroll of identify.
  1203 | D:2      | 1203 ||| IDENTIFYING blue potion
  1204 | D:2      | 1204 ||| READING scroll labelled AMONTE XIAM.
  1204 | D:2      | 1204 ||| ENCHANTING +0 shortbow.
  1205 | D:2      | 1205 ||| DROPPING potion of magic.
  1418 | D:3      | Reached skill level 1 in Armour
  1656 | D:3      | Noticed Natasha
  1660 | D:3      | Noticed Robin
  1662 | D:3      | 1662 ||| RETREEEEATING.
  1663 | D:3      | 1663 ||| RETREEEEATING.
  1664 | D:3      | 1664 ||| RETREEEEATING.
  1665 | D:3      | 1665 ||| RETREEEEATING.
  1666 | D:3      | 1666 ||| ZAPPING wand of flame (19) at 0,1 (cerulean imp;
                  | floor).
  1666 | D:3      | HP: 7/34 [Natasha (8)]
  1666 | D:3      | HP: 1/34 [goblin/+0 club[Robin] (3)]
  1667 | D:3      | 1667 ||| READING 4 scrolls of teleportation.
  1667 | D:3      | Slain by an orc

Levels and vault maps discovered:
D:1:      lightli_arrival_farm, layout_rooms, grunt_decor_arrowhead
D:2:      layout_basic, uniq_crazy_yiuf_cottage
D:3:      layout_basic, dreamdust_ecumenical_altar_angels_and_demons,
          uniq_natasha, uniq_robin

Skill      XL: |  1  2  3  4 |
---------------+-------------+-----
Ranged Weapons | 4 |  4.1
Armour         | 1 |  1.0
Fighting       | |  2.9
Dodging        | |  2.1
Stealth        | |  0.7

Action                     |  1- 3 |  4- 6 || total
---------------------------+-------+-------++-------
   Fire: Shortbow          |    82 |    27 ||   109
  Evoke: Wand              |       |     1 ||     1
    Use: Scroll            |     4 |     3 ||     7
 Armour: Leather armour    |    10 |     1 ||    11
         Ring mail         |       |    21 ||    21
  Dodge: Dodged            |    13 |    18 ||    31

Table legend:
 A = Non-vault XP
 B = Vault XP
 C = Vault XP percentage of total XP
 D = Non-vault monster count
 E = Vault monster count
 F = Vault count percentage of total count
                 A         B        C        D         E       F
            +---------+---------+-------+---------+---------+-------
      Total |      95 |       2 |   2.1 |      45 |       1 |   2.2
            +---------+---------+-------+---------+---------+-------
        D:1 |      29 |       0 |   0.0 |      19 |       0 |   0.0
        D:2 |      46 |       0 |   0.0 |      21 |       0 |   0.0
        D:3 |      20 |       2 |   9.1 |       5 |       1 |  16.7
            +---------+---------+-------+---------+---------+-------
